[Event "Titled Tuesday Blitz March 29 Late 2022"]
[White "Dimakiling, Oliver"]
[Black "Janaszak, Dawid"]
[WhiteFideId "5202248"]
[BlackFideId "1119206"]
[WhiteElo "2426"]
[BlackElo "2199"]
[Result "1-0"]
[Round "08"]
[TimeControl "180+1"]
[Date "2022.03.29"]
[WhiteClock "0:00:40"]
[BlackClock "0:00:14"]

1. e4 c5 2. Nf3 Nc6 3. Bb5 e6 4. O-O Nge7 5. Re1 a6 6. Bf1 d5 7. exd5 Nxd5 8. Nc3 Be7 9. a4 O-O 10. Ne4 e5 11. Ng3 Bd6 12. Bc4 Be6 13. d3 Nc7 14. b3 f6 15. Nf5 Kh8 16. Nxd6 Qxd6 17. Nd2 b6 18. Bb2 Nd5 19. Ne4 Qd7 20. a5 Nxa5 21. Nxc5 bxc5 22. Rxa5 Qc6 23. Qf3 Rfd8 24. Ba3 Qb6 25. Rxc5 Nf4 26. g3 Bxc4 27. gxf4 Bb5 28. fxe5 Qa5 29. Ra1 fxe5 30. Bb2 Rf8 31. Qxf8+ Rxf8 32. Rxa5 1-0


[Site "https://www.chess.com"]

[Event "Titled Tuesday Blitz March 29 Late 2022"]
[White "Dreev, Aleksey"]
[Black "Mikhailov, Viacheslav"]
[WhiteFideId "4100107"]
[BlackFideId "4187369"]
[WhiteElo "2625"]
[BlackElo "2381"]
[Result "1-0"]
[Round "08"]
[TimeControl "180+1"]
[Date "2022.03.29"]
[WhiteClock "0:00:06"]
[BlackClock "0:00:01"]

1. d4 Nf6 2. c4 g6 3. Nc3 Bg7 4. e4 O-O 5. Bd3 d6 6. Nge2 e5 7. d5 Nbd7 8. O-O Nc5 9. Bc2 a5 10. b3 c6 11. h3 Bd7 12. Be3 cxd5 13. exd5 Rc8 14. Qd2 Nh5 15. a3 f5 16. b4 axb4 17. axb4 Na6 18. Nb5 f4 19. Nxd6 fxe3 20. fxe3 Bxh3 21. Nxc8 Bxc8 22. c5 Qg5 23. d6 Bh3 24. Rxf8+ Kxf8 25. Be4 Bf6 26. Rf1 Kg7 27. d7 Bd8 28. Bxb7 Nxb4 29. Be4 Na6 30. c6 Nc5 31. Nc3 Nxe4 32. Nxe4 Qg4 33. Qf2 Kh6 34. Qf3 Bb6 35. Qxg4 Bxg4 36. Nc5 Ng3 37. Rb1 Bxc5 38. d8=Q Bxe3+ 39. Kh2 Bf4 40. Qh4+ Nh5+ 41. Kh1 Bf5 42. Rf1 g5 43. Rxf4 gxh4 44. Rc4 Be6 45. c7 Bc8 46. Kh2 Nf6 47. Rxh4+ Kg5 48. Rh3 1-0


[Site "https://www.chess.com"]

[Event "Titled Tuesday Blitz March 29 Late 2022"]
[White "Fishbein, Alexander"]
[Black "Chernobay, Artem"]
[WhiteFideId "2000377"]
[BlackFideId "4167406"]
[WhiteElo "2659"]
[BlackElo "2547"]
[Result "1-0"]
[Round "08"]
[TimeControl "180+1"]
[Date "2022.03.30"]
[WhiteClock "0:00:15"]
[BlackClock "0:00:01"]

1. e4 c5 2. Nf3 d6 3. d4 cxd4 4. Nxd4 Nf6 5. Nc3 a6 6. a4 e5 7. Nf3 b6 8. Be3 Be7 9. Bc4 Bb7 10. Nd5 Nxd5 11. Bxd5 Bxd5 12. Qxd5 Nd7 13. O-O O-O 14. Qb3 Qc7 15. c3 Rab8 16. Rfd1 Nf6 17. Nd2 Ng4 18. Nf1 Kh8 19. h3 Nf6 20. Ng3 g6 21. Bh6 Nd7 22. Bxf8 Rxf8 23. Nf1 f5 24. exf5 gxf5 25. Ne3 Bg5 26. Nd5 Qd8 27. f4 Bh6 28. Qb4 Nc5 29. fxe5 dxe5 30. Qxb6 Qxb6 31. Nxb6 Ne4 32. Nd5 Ng3 33. Rd3 f4 34. Rxg3 fxg3 35. Rf1 Rb8 36. b4 Rd8 37. Rd1 e4 38. c4 Rc8 39. c5 e3 40. Kf1 Rf8+ 41. Ke2 Rf2+ 42. Kd3 Rxg2 43. c6 Rd2+ 44. Rxd2 exd2 45. Ke2 g2 46. c7 d1=Q+ 47. Kxd1 g1=Q+ 48. Kc2 Qg2+ 49. Kc3 Qf3+ 50. Kc4 Qe4+ 51. Kc5 Qc2+ 52. Kd6 1-0


[Site "https://www.chess.com"]

[Event "Titled Tuesday Blitz March 29 Late 2022"]
[White "Gatterer, Florian"]
[Black "Przybylski, Wojciech"]
[WhiteFideId "811688"]
[BlackFideId "1117599"]
[WhiteElo "2218"]
[BlackElo "2133"]
[Result "1-0"]
[Round "08"]
[TimeControl "180+1"]
[Date "2022.03.30"]
[WhiteClock "0:00:28"]
[BlackClock "0:00:55"]

1. d4 d5 2. Nf3 c6 3. g3 Nf6 4. Bg2 h5 5. h4 Bg4 6. Ne5 Nbd7 7. Bf4 Qb6 8. b3 e6 9. O-O a5 10. c4 Nxe5 11. c5 Qa6 12. dxe5 Bxe2 13. Qc1 Nd7 14. Re1 Nxc5 15. Qd2 Bd3 16. Nc3 d4 17. Ne4 Nxe4 18. Bxe4 Bxe4 19. Rxe4 Bc5 20. Rc1 b6 21. Bg5 O-O 22. Bf6 Rfd8 23. Qg5 Bf8 24. Bxd8 d3 25. Be7 d2 26. Rd1 Qd3 27. Bxf8 Qxe4 28. Qxg7# 1-0


[Site "https://www.chess.com"]

[Event "Titled Tuesday Blitz March 29 Late 2022"]
[White "Gledura, Benjamin"]
[Black "Sjugirov, Sanan"]
[WhiteFideId "712779"]
[BlackFideId "4189302"]
[WhiteElo "2326"]
[BlackElo "2602"]
[Result "0-1"]
[Round "08"]
[TimeControl "180+1"]
[Date "2022.03.29"]
[WhiteClock "0:00:02"]
[BlackClock "0:00:21"]

1. Nf3 d5 2. b3 Nf6 3. Bb2 Bf5 4. g3 e6 5. Bg2 h6 6. O-O Be7 7. d3 Bh7 8. c4 O-O 9. Nc3 c6 10. a3 a5 11. cxd5 exd5 12. Nd4 Na6 13. Rc1 Re8 14. Qc2 Nc5 15. Rfd1 Bf8 16. Rb1 Qb6 17. Ba1 Ng4 18. e4 dxe4 19. dxe4 Nf6 20. f3 Ne6 21. Na4 Qa7 22. Kh1 Ng5 23. Qb2 Rad8 24. Re1 Ngxe4 25. fxe4 Nxe4 26. Rbd1 Bg6 27. Rf1 Rd5 28. Rf4 Rh5 29. h4 Nxg3+ 30. Kh2 Ne4 31. Ne2 b5 32. Nac3 Nxc3 33. Nxc3 Qc7 34. Rf1 Rxh4+ 35. Kg3 Rxf4 36. Rf3 Rxf3+ 37. Kxf3 Qe5 0-1


[Site "https://www.chess.com"]

[Event "Titled Tuesday Blitz March 29 Late 2022"]
[White "Goltsev, Dmitry"]
[Black "Korchmar, Vasiliy"]
[WhiteFideId "24176710"]
[BlackFideId "24131750"]
[WhiteElo "2273"]
[BlackElo "2370"]
[Result "0-1"]
[Round "08"]
[TimeControl "180+1"]
[Date "2022.03.29"]
[WhiteClock "0:00:04"]
[BlackClock "0:01:00"]

1. e4 c5 2. Nf3 d6 3. d4 cxd4 4. Nxd4 Nf6 5. Nc3 Nc6 6. Be2 e5 7. Nb3 h6 8. O-O Be7 9. f4 exf4 10. Bxf4 O-O 11. Qd2 Be6 12. Rad1 Ne5 13. h3 Rc8 14. Nd4 Nfd7 15. Nxe6 fxe6 16. Be3 a6 17. Rxf8+ Nxf8 18. Bd4 Nfg6 19. Qe3 b5 20. a3 Bg5 21. Qg3 Bh4 22. Qh2 Qg5 23. Kh1 Nf4 24. Be3 Bg3 25. Qg1 Qh4 26. Bxf4 Bxf4 27. Rf1 Qg3 28. Bf3 Qg5 29. Qf2 Bd2 30. Ne2 Be3 31. Qe1 Rxc2 32. h4 Qg6 33. Qg3 Qxg3 34. Nxg3 Rxb2 35. Nh5 Rc2 36. Bd1 Rc1 37. Ng3 Bc5 38. Bb3 Rxf1+ 39. Nxf1 Bxa3 40. Bxe6+ Kf8 41. Ne3 Bc5 42. Nd5 a5 0-1


[Site "https://www.chess.com"]

[Event "Titled Tuesday Blitz March 29 Late 2022"]
[White "Goryachkina, Aleksandra"]
[Black "Cervantes Landeiro, Thalia"]
[WhiteFideId "4147103"]
[BlackFideId "3520498"]
[WhiteElo "2637"]
[BlackElo "2493"]
[Result "1-0"]
[Round "08"]
[TimeControl "180+1"]
[Date "2022.03.30"]
[WhiteClock "0:00:13"]
[BlackClock "0:00:02"]

1. e4 e5 2. Nf3 Nc6 3. d4 exd4 4. Bc4 Nf6 5. O-O d6 6. Nxd4 Be7 7. Nc3 O-O 8. Re1 Bg4 9. f3 Nxd4 10. Qxd4 Be6 11. Be3 a6 12. Rad1 Bxc4 13. Qxc4 Nd7 14. Nd5 Rc8 15. Bf4 Bg5 16. Bg3 Bh4 17. Qc3 Bxg3 18. hxg3 Nf6 19. Nxf6+ Qxf6 20. Qxf6 gxf6 21. Kf2 Kg7 22. f4 Rce8 23. Rd3 h5 24. Kf3 f5 25. e5 Re6 26. Ree3 dxe5 27. Rxe5 Kf6 28. Rd7 Rxe5 29. fxe5+ Kxe5 30. Rxc7 b5 31. Rc6 Rd8 32. Rxa6 Rd2 33. Rc6 1-0


[Site "https://www.chess.com"]

[Event "Titled Tuesday Blitz March 29 Late 2022"]
[White "Gracia Alvarez, Gerardo Antonio"]
[Black "Needleman, Alejandro"]
[WhiteFideId "5109124"]
[BlackFideId "100730"]
[WhiteElo "2139"]
[BlackElo "2257"]
[Result "0-1"]
[Round "08"]
[TimeControl "180+1"]
[Date "2022.03.30"]
[WhiteClock "0:00:12"]
[BlackClock "0:00:50"]

1. e4 c5 2. Nc3 e6 3. d4 cxd4 4. Qxd4 Nc6 5. Qd3 a6 6. Qg3 b5 7. Bg5 Qa5 8. O-O-O b4 9. Nd5 exd5 10. exd5 Qxa2 11. dxc6 Qa1+ 12. Kd2 Qxb2 13. Qc7 Nf6 14. Bd3 Qc3+ 15. Ke2 Qxc6 16. Qxc6 dxc6 17. Bxf6 gxf6 18. Be4 Bd7 19. Nf3 Bc5 20. Rhe1 O-O-O 21. Kf1 Kc7 22. Ra1 Kb6 23. Bd3 a5 24. Nd2 Be6 25. Nc4+ Bxc4 26. Bxc4 Rd2 27. Re2 Rhd8 28. Bxf7 Rd1+ 29. Rxd1 Rxd1+ 30. Re1 Rxe1+ 31. Kxe1 Kb5 32. f3 Bd6 33. h3 c5 34. Kd2 c4 35. Kc1 Be5 36. Be8+ Kc5 37. g4 h6 38. h4 Kd4 39. Bf7 a4 40. Kb1 Kc3 41. Bg6 b3 42. cxb3 cxb3 43. Bf7 a3 0-1


[Site "https://www.chess.com"]

[Event "Titled Tuesday Blitz March 29 Late 2022"]
[White "Guz, Ari"]
[Black "Oganian, Miran"]
[WhiteFideId "2825759"]
[BlackFideId "4122488"]
[WhiteElo "1913"]
[BlackElo "2357"]
[Result "1/2-1/2"]
[Round "08"]
[TimeControl "180+1"]
[Date "2022.03.29"]
[WhiteClock "0:00:15"]
[BlackClock "0:00:03"]

1. Nf3 Nf6 2. b3 g6 3. Bb2 Bg7 4. g3 O-O 5. Bg2 d5 6. O-O c5 7. d4 Ne4 8. Nbd2 Nc6 9. e3 cxd4 10. Nxd4 Nxd4 11. exd4 Nxd2 12. Qxd2 Bf5 13. c4 dxc4 14. bxc4 Rc8 15. Rac1 b6 16. Rfe1 Qd7 17. d5 Bxb2 18. Qxb2 Rc7 19. h4 Rfc8 20. Qd4 Qd6 21. h5 gxh5 22. Bf1 Bg6 23. Re5 b5 24. Rce1 bxc4 25. Bh3 Rd8 26. Bf5 c3 27. Bxg6 hxg6 28. Qe4 c2 29. Rc1 Qa3 30. Rxc2 Rxc2 31. Qxc2 Qd6 32. Qe2 Rd7 33. Qe3 Qf6 34. Re4 Rxd5 35. Rxe7 Rd1+ 36. Kh2 Qc6 37. Re8+ Kh7 38. Re4 Qb7 39. a4 Qb1 40. Qf3 Rd7 41. Re8 Qb2 42. Qe3 Qf6 43. Re4 Qb6 44. Qf3 a5 45. Rf4 Qe6 46. Qc3 Rd5 47. Qc7 Rf5 48. Kg1 Qe1+ 49. Kg2 Qe6 50. Kg1 Qd5 51. Rxf5 Qxf5 52. Kg2 Qd5+ 53. Kg1 Kg7 54. Qc3+ Kf8 55. Qc8+ Ke7 56. Qc7+ Ke6 57. Kh2 Kf5 58. Qf4+ Ke6 59. Qc7 Kf6 60. Qf4+ Kg7 61. Qc7 g5 62. Qc3+ f6 63. Qc7+ Kg6 64. Qb8 Qa2 65. Qe8+ Kf5 66. Kg1 Qb1+ 67. Kh2 Qa2 68. Kg1 h4 69. gxh4 gxh4 70. Qd7+ Kf4 71. Qd4+ Kf3 72. Qe3+ Kg4 73. Qd4+ Kg5 74. Qe3+ Kh5 75. Qf3+ Kg6 76. Qd3+ f5 77. Qd6+ Kg5 78. Qe7+ Kg4 79. Qg7+ Kf3 80. Qb7+ Ke2 81. Qa6+ Kd2 82. Qxa5+ Kc1 83. Qxf5 Qxa4 84. Qg5+ Kd1 85. Qd5+ Ke2 86. Qe5+ Kd2 87. Qd5+ Ke2 88. Qe5+ Kf3 89. Qf6+ Kg4 90. Qg6+ Kf4 91. Qf6+ Kg4 92. Qg6+ Kf4 93. Qf6+ Kg4 1/2-1/2


[Site "https://www.chess.com"]

[Event "Titled Tuesday Blitz March 29 Late 2022"]
[White "Hardaway, Brewington"]
[Black "Fiol, Fabrice"]
[WhiteFideId "30941849"]
[BlackFideId "611670"]
[WhiteElo "1768"]
[BlackElo "2400"]
[Result "0-1"]
[Round "08"]
[TimeControl "180+1"]
[Date "2022.03.30"]
[WhiteClock "0:02:35"]
[BlackClock "0:01:33"]

1. Nf3 d5 2. c4 e6 3. g3 Nf6 4. Bg2 c5 5. O-O d4 6. b4 Nc6 7. b5 Ne7 8. e3 dxe3 9. fxe3 Ng6 10. d4 Be7 11. Ba3 cxd4 12. Bxe7 Qxe7 13. exd4 O-O 14. Nc3 Rd8 15. Qb3 Bd7 16. Ne5 Nxe5 17. dxe5 Qc5+ 18. Kh1 Qxe5 19. Bxb7 Rab8 20. Bg2 Qh5 21. Bf3 Qh3 22. Ne4 Nxe4 23. Bxe4 Bxb5 24. cxb5 Rd2 0-1


[Site "https://www.chess.com"]

[Event "Titled Tuesday Blitz March 29 Late 2022"]
[White "Harish, Neeraj"]
[Black "Winkels, Marcel"]
[WhiteFideId "30958130"]
[BlackFideId "1003887"]
[WhiteElo "1574"]
[BlackElo "1900"]
[Result "1-0"]
[Round "08"]
[TimeControl "180+1"]
[Date "2022.03.30"]
[WhiteClock "0:01:26"]
[BlackClock "0:01:22"]

1. e4 c5 2. Nf3 e6 3. d4 cxd4 4. Nxd4 a6 5. Bd3 Bc5 6. Nb3 Ba7 7. Nc3 Nf6 8. Bg5 h6 9. Bh4 d6 10. Qe2 b5 11. O-O-O Bb7 12. e5 g5 13. Bg3 Nd5 14. Nxd5 Bxd5 15. exd6 O-O 16. h4 f6 17. hxg5 fxg5 18. Rxh6 Rf6 19. Qh5 Rxh6 20. Qxh6 Qd7 21. Be5 Kf7 22. Bg6+ Kg8 23. Qh8# 1-0


[Site "https://www.chess.com"]

[Event "Titled Tuesday Blitz March 29 Late 2022"]
[White "Harshavardhan G B"]
[Black "Hnydiuk, Aleksander"]
[WhiteFideId "25059009"]
[BlackFideId "1109057"]
[WhiteElo "1831"]
[BlackElo "2374"]
[Result "1-0"]
[Round "08"]
[TimeControl "180+1"]
[Date "2022.03.29"]
[WhiteClock "0:00:41"]
[BlackClock "0:00:05"]

1. e4 Nf6 2. e5 Nd5 3. d4 d6 4. Nf3 dxe5 5. Nxe5 c6 6. Be2 Nd7 7. Nf3 N7f6 8. c4 Nb6 9. h3 Bf5 10. Nc3 e6 11. O-O Ne4 12. Qb3 Qc7 13. Be3 Be7 14. Rac1 O-O 15. Rfd1 Rfd8 16. a4 Nd7 17. Nxe4 Bxe4 18. Nd2 Bg6 19. Bf3 e5 20. d5 Bc5 21. Ne4 Bxe3 22. Qxe3 cxd5 23. cxd5 Qb6 24. Qxb6 Nxb6 25. Nc5 Rac8 26. a5 e4 27. Bg4 f5 28. axb6 fxg4 29. Nxb7 Rxc1 30. Rxc1 Ra8 31. bxa7 Rxa7 32. Nd6 Kf8 33. hxg4 Rd7 34. Rc6 Ke7 35. Nc8+ Kd8 36. Nb6 Rb7 37. d6 Rb8 38. d7 Rxb6 39. Rxb6 Kxd7 40. Rxg6 hxg6 41. Kh2 g5 42. f3 Kd6 43. fxe4 Ke5 44. Kg3 Kxe4 45. Kf2 Kd3 46. b4 Kc4 47. Ke3 Kxb4 48. Ke4 Kc4 49. Kf5 Kd4 50. Kxg5 Ke4 51. Kh5 Kf4 52. g5 Kf5 53. g3 Ke4 54. Kg6 1-0


[Site "https://www.chess.com"]

[Event "Titled Tuesday Blitz March 29 Late 2022"]
[White "Hess, Robert"]
[Black "Nazari, Arad"]
[WhiteFideId "2022036"]
[BlackFideId "12577324"]
[WhiteElo "2557"]
[BlackElo "2120"]
[Result "1/2-1/2"]
[Round "08"]
[TimeControl "180+1"]
[Date "2022.03.29"]
[WhiteClock "0:00:06"]
[BlackClock "0:00:34"]

1. b3 Nf6 2. Bb2 g6 3. d3 Bg7 4. Nd2 O-O 5. h3 d5 6. e3 c5 7. Ne2 Nc6 8. g4 e5 9. Bg2 d4 10. Bxc6 bxc6 11. e4 Be6 12. f4 exf4 13. Nxf4 Nd7 14. Qf3 Qh4+ 15. Qf2 Qxf2+ 16. Kxf2 Bh6 17. Kg3 Rae8 18. Raf1 f5 19. Bc1 fxe4 20. Nxe4 Bxf4+ 21. Rxf4 Rxf4 22. Bxf4 Bd5 23. Re1 Bxe4 24. dxe4 Kf7 25. Bc7 Ke6 26. Rf1 Rf8 27. Rxf8 Nxf8 28. Kf4 h6 29. Bb8 a6 30. h4 g5+ 31. hxg5 Ng6+ 32. Kf3 hxg5 33. Bc7 Ne5+ 34. Kg3 d3 35. cxd3 Nxd3 36. Bd8 Ke5 37. Bxg5 Kxe4 38. Bd2 Ne5 39. Bc3 Ng6 40. Bb2 Nf4 41. g5 Kf5 42. Kh4 Ne6 43. Bc1 Nf8 44. Kh5 Ng6 45. Kh6 Ne5 46. Kg7 c4 47. bxc4 Nxc4 48. Kf7 Ne5+ 49. Ke7 c5 50. Kd6 c4 51. Kd5 c3 52. Kd4 c2 53. Kc3 Nf3 54. Kxc2 Nxg5 55. Kb3 Ne4 56. Kb4 Ke6 57. Bb2 Kd7 58. Ka5 Kc8 59. Kxa6 Kb8 60. Kb6 Ka8 61. a4 Nc3 62. Bxc3 Kb8 63. a5 Ka8 64. a6 Kb8 65. a7+ Ka8 66. Be5 1/2-1/2


[Site "https://www.chess.com"]

[Event "Titled Tuesday Blitz March 29 Late 2022"]
[White "Hoffmann, Asa"]
[Black "Rudykh, Stepan"]
[WhiteFideId "2001470"]
[BlackFideId "4180321"]
[WhiteElo "2117"]
[BlackElo "2204"]
[Result "0-1"]
[Round "08"]
[TimeControl "180+1"]
[Date "2022.03.30"]
[WhiteClock "0:00:02"]
[BlackClock "0:00:16"]

1. d4 e6 2. e4 d5 3. e5 c5 4. Nf3 cxd4 5. Qxd4 Nc6 6. Qf4 h6 7. Bd3 Qc7 8. O-O Nb4 9. Nc3 Nxd3 10. cxd3 Bd7 11. Be3 Ne7 12. Rac1 Qa5 13. Nd4 Ng6 14. Qg3 Be7 15. f4 Bh4 16. Qh3 O-O 17. g3 Be7 18. Nb3 Qa6 19. Rfd1 Rac8 20. d4 Ba4 21. f5 exf5 22. Nxd5 Bxb3 23. axb3 Qe6 24. Nc3 Rfd8 25. Rf1 Qxb3 26. Qxf5 Rf8 27. Rf2 Bb4 28. Rcf1 Bxc3 29. bxc3 Qxc3 30. Rf3 Qc4 31. Rc1 Qe6 32. Qe4 Rxc1+ 33. Bxc1 b5 34. h4 b4 35. Bb2 Ne7 36. Qb7 a5 37. Qb5 Qd5 38. Qd3 a4 39. Kg2 a3 40. Bxa3 bxa3 41. Qxa3 Nc6 42. Qc5 Qxc5 43. dxc5 Nxe5 44. Rf5 f6 45. g4 Nxg4 46. Kg3 Ne5 47. Kf4 Rc8 48. h5 Rxc5 49. Ke4 Rc4+ 0-1


[Site "https://www.chess.com"]

[Event "Titled Tuesday Blitz March 29 Late 2022"]
[White "Holt, Conrad"]
[Black "Caruana, Fabiano"]
[WhiteFideId "2034387"]
[BlackFideId "2020009"]
[WhiteElo "2586"]
[BlackElo "2744"]
[Result "1-0"]
[Round "08"]
[TimeControl "180+1"]
[Date "2022.03.29"]
[WhiteClock "0:00:36"]
[BlackClock "0:00:12"]

1. d4 Nf6 2. c4 e6 3. Nc3 Bb4 4. Qc2 O-O 5. e4 d6 6. a3 Bxc3+ 7. bxc3 e5 8. Bd3 c5 9. Ne2 Nc6 10. d5 Ne7 11. O-O Ng6 12. f3 h6 13. Be3 Nh7 14. Kh1 Bd7 15. g3 a6 16. f4 exf4 17. gxf4 f5 18. Ng3 Qh4 19. Rae1 Rae8 20. Nxf5 Bxf5 21. exf5 Ne7 22. Bg1 Rf7 23. f6 Nxf6 24. Re6 Nh5 25. Bf2 Qh3 26. Re3 Qd7 27. Bh4 Ref8 28. Qe2 Nf5 29. Re6 Nxh4 30. Qxh5 Nf5 31. Rg1 Kh8 32. Rgg6 Qa4 33. Bxf5 Rxf5 34. Rxh6+ 1-0


[Site "https://www.chess.com"]

[Event "Titled Tuesday Blitz March 29 Late 2022"]
[White "Ibarra Jerez, Jose Carlos"]
[Black "Bortnyk, Olexandr"]
[WhiteFideId "2226332"]
[BlackFideId "14120828"]
[WhiteElo "2626"]
[BlackElo "2723"]
[Result "0-1"]
[Round "08"]
[TimeControl "180+1"]
[Date "2022.03.29"]
[WhiteClock "0:00:05"]
[BlackClock "0:00:07"]

1. Nf3 d6 2. e4 Nf6 3. Nc3 e5 4. d4 Nbd7 5. Bc4 Be7 6. a4 h6 7. O-O c6 8. Re1 Qc7 9. b3 g5 10. Ba3 Nf8 11. d5 Ng6 12. Nd2 Nf4 13. Nf1 h5 14. Ne3 h4 15. Qd2 g4 16. dxc6 bxc6 17. Rad1 g3 18. Bxd6 gxf2+ 19. Kxf2 Qb6 20. Bxe7 Ng4+ 21. Kg1 Kxe7 22. Qd6+ Ke8 23. a5 Qxa5 24. Qxc6+ Kf8 25. Nxg4 Bxg4 26. Qxa8+ Kg7 27. Qb7 Rf8 28. Nd5 Qc5+ 29. Kh1 Nh3 30. Ne3 Nf2+ 31. Kg1 Nxd1 32. Qd5 Qxd5 33. Bxd5 Nxe3 34. Rxe3 Rc8 35. c4 a5 36. Rc3 f5 37. Be6 Rd8 38. Bxf5 Bxf5 39. exf5 Kf6 40. Kf2 Kxf5 41. c5 Ke4 42. c6 Kd4 43. Rc4+ Kd5 44. c7 Rc8 45. Kf3 a4 46. Rxa4 Rxc7 47. Rxh4 Rc3+ 48. Kg4 Rxb3 49. Rh8 Rb4+ 50. Kg5 e4 51. g4 e3 52. Rd8+ Ke4 53. Re8+ Kf3 54. Kf5 Rf4+ 55. Kg5 Rxg4+ 56. Kf5 Rf4+ 57. Kg5 Re4 58. Rf8+ Kg2 59. Ra8 e2 60. Ra1 Kxh2 61. Re1 Kg2 62. Kf5 Kf2 63. Rh1 e1=Q 64. Rh2+ Kg3 0-1


[Site "https://www.chess.com"]

[Event "Titled Tuesday Blitz March 29 Late 2022"]
[White "Indjic, Aleksandar"]
[Black "Rozman, Levy"]
[WhiteFideId "911925"]
[BlackFideId "2039877"]
[WhiteElo "2616"]
[BlackElo "2376"]
[Result "1-0"]
[Round "08"]
[TimeControl "180+1"]
[Date "2022.03.29"]
[WhiteClock "0:00:34"]
[BlackClock "0:00:01"]

1. d4 d5 2. c4 e5 3. dxe5 d4 4. Nf3 Nc6 5. Nbd2 Bb4 6. a3 Bxd2+ 7. Qxd2 Bg4 8. b4 Bxf3 9. exf3 Nxe5 10. Bb2 c5 11. bxc5 Nc6 12. Bd3 Nf6 13. O-O O-O 14. a4 Re8 15. Ba3 Ne5 16. Rab1 Qd7 17. Rb5 a6 18. Rb4 Nh5 19. Be4 Nc6 20. Rb6 Nf6 21. Bd3 Ne5 22. a5 Qa4 23. Bb4 Rab8 24. Rb1 Nfd7 25. Rd6 Nxd3 26. Qxd3 Ne5 27. Qb3 Qxb3 28. Rxb3 d3 29. f4 Nxc4 30. Rdxd3 Rbd8 31. g3 1-0


[Site "https://www.chess.com"]

[Event "Titled Tuesday Blitz March 29 Late 2022"]
[White "Iskusnyh, Sergei"]
[Black "Shimanov, Aleksandr"]
[WhiteFideId "4120027"]
[BlackFideId "4198603"]
[WhiteElo "2492"]
[BlackElo "2636"]
[Result "0-1"]
[Round "08"]
[TimeControl "180+1"]
[Date "2022.03.29"]
[WhiteClock "0:00:07"]
[BlackClock "0:01:07"]

1. d4 d5 2. c4 e5 3. dxe5 Ne7 4. Nf3 Nbc6 5. Nc3 d4 6. Nb5 Nf5 7. g4 Nfe7 8. Nbxd4 Bxg4 9. Bg2 Qd7 10. Nxc6 Qxc6 11. O-O Qg6 12. Bf4 Nc6 13. Qd3 Qxd3 14. exd3 O-O-O 15. Ng5 Rd7 16. Rfe1 Nd4 17. Rac1 Bb4 18. Re4 Rhd8 19. a3 Bf8 20. Bg3 Bf5 21. Re3 h6 22. Ne4 Nb3 23. Rc3 Nc5 24. Nxc5 Bxc5 25. Rf3 Be6 26. b4 Bd4 27. Rb3 b5 28. Rf4 bxc4 29. dxc4 Bxc4 30. Rb1 Bb5 31. Bh3 Bb6 32. Rd1 Rf8 33. e6 Rxd1+ 34. Kg2 Bf1+ 35. Kf3 Bxh3 0-1


[Site "https://www.chess.com"]

[Event "Titled Tuesday Blitz March 29 Late 2022"]
[White "Jaferian, Koosha"]
[Black "Sanchez Alvares, Kelvin Antonio"]
[WhiteFideId "12507440"]
[BlackFideId "3906680"]
[WhiteElo "2030"]
[BlackElo "2193"]
[Result "1/2-1/2"]
[Round "08"]
[TimeControl "180+1"]
[Date "2022.03.29"]
[WhiteClock "0:00:04"]
[BlackClock "0:00:09"]

1. Nf3 d5 2. b3 c6 3. Bb2 Bf5 4. g3 e6 5. Bg2 Nd7 6. O-O Ngf6 7. d3 h6 8. Nbd2 Be7 9. e3 Bh7 10. Qe2 O-O 11. Ne1 a5 12. a4 e5 13. e4 d4 14. f4 Bd6 15. f5 Qe7 16. g4 Kh8 17. h4 Ng8 18. Nef3 g6 19. Nc4 gxf5 20. gxf5 Ngf6 21. Bc1 Ng4 22. Bh3 Rg8 23. Kh1 Ndf6 24. Rg1 b5 25. Nxd6 Qxd6 26. Bd2 Qc5 27. Rac1 bxa4 28. bxa4 Rab8 29. Ng5 hxg5 30. hxg5 Ne3 31. Bxe3 dxe3 32. gxf6 Rxg1+ 33. Rxg1 Rg8 34. Rxg8+ Kxg8 35. Qg4+ Kf8 36. Qg7+ Ke8 37. Qh8+ Kd7 38. Bg4 e2 39. Bxe2 Qf2 40. Qxh7 Qe1+ 41. Kg2 Qxe2+ 42. Kg3 Qe3+ 43. Kg4 Qg1+ 44. Kf3 Qf1+ 45. Ke3 Qe1+ 46. Kf3 Qf1+ 47. Ke3 Qe1+ 48. Kf3 Qf1+ 1/2-1/2


[Site "https://www.chess.com"]

[Event "Titled Tuesday Blitz March 29 Late 2022"]
[White "Jensen, Matthew R"]
[Black "Sarkar, Justin"]
[WhiteFideId "2018110"]
[BlackFideId "2010011"]
[WhiteElo "2285"]
[BlackElo "2038"]
[Result "1/2-1/2"]
[Round "08"]
[TimeControl "180+1"]
[Date "2022.03.30"]
[WhiteClock "0:00:24"]
[BlackClock "0:00:01"]

1. d4 Nf6 2. c4 e6 3. Nc3 Bb4 4. Nf3 b6 5. Bg5 h6 6. Bxf6 Bxc3+ 7. bxc3 Qxf6 8. e4 Bb7 9. Bd3 d6 10. e5 dxe5 11. dxe5 Qf4 12. Qe2 Nd7 13. O-O Bxf3 14. gxf3 Nxe5 15. Be4 Rd8 16. c5 O-O 17. cxb6 axb6 18. Rfd1 f5 19. Bb7 Rxd1+ 20. Rxd1 Rb8 21. Re1 Rxb7 22. Qxe5 Qxe5 23. Rxe5 Kf7 24. Re2 Ra7 25. Rd2 Ke7 26. Kf1 Ra3 27. Rc2 Kd6 28. Ke2 Kc5 29. Kd3 e5 30. Re2 Kd5 31. Rb2 g5 32. Rb5+ Kd6 33. Rb2 Ra4 34. Rd2 Rh4 35. Ke3+ Ke6 36. Rd8 Rxh2 37. Re8+ Kd6 38. Rf8 f4+ 39. Ke4 Rxf2 40. Rf6+ Kc5 41. Kxe5 Re2+ 42. Kf5 Re3 43. Kg4 Rxc3 44. Rxh6 Ra3 45. Rh2 b5 46. Rc2+ Kb6 47. Kxg5 Rxf3 48. Re2 c5 49. Kg4 Re3 50. Rd2 f3 51. Kf4 Rc3 52. Rd6+ Ka5 53. Rd8 b4 54. Ra8+ Kb5 55. Ke4 Kc4 56. Rf8 Rc2 57. Rf4 Re2+ 58. Kxf3+ Kd3 59. Rf5 Rc2 60. Rd5+ Kc4 61. Rd2 Rxa2 62. Rxa2 b3 63. Ra8 Kc3 64. Ke2 b2 65. Rb8 Kc2 66. Ke3 c4 67. Kd4 c3 68. Kc4 Kd2 69. Rb7 Kc2 70. Rb3 b1=Q 71. Rxb1 Kxb1 72. Kxc3 1/2-1/2


[Site "https://www.chess.com"]

[Event "Titled Tuesday Blitz March 29 Late 2022"]
[White "Kalavannan, Koby"]
[Black "Bibasa, Bob"]
[WhiteFideId "425753"]
[BlackFideId "10000240"]
[WhiteElo "1927"]
[BlackElo "2056"]
[Result "1-0"]
[Round "08"]
[TimeControl "180+1"]
[Date "2022.03.30"]
[WhiteClock "0:00:23"]
[BlackClock "0:00:29"]

1. d4 Nf6 2. c4 e6 3. g3 d5 4. Bg2 c6 5. Qc2 Bd6 6. Nf3 O-O 7. O-O Ne4 8. Rd1 Nd7 9. Nc3 f5 10. Ne5 Qf6 11. f4 Kh8 12. Be3 Bxe5 13. fxe5 Qf7 14. Nxe4 fxe4 15. Rf1 Qe7 16. Rxf8+ Nxf8 17. Rf1 Bd7 18. c5 Ng6 19. Qd2 Rf8 20. Bg5 Rxf1+ 21. Bxf1 Qf7 22. Qa5 h6 23. Be3 a6 24. Qd8+ Kh7 25. Bh3 Nf8 26. Qc7 Be8 27. Qc8 Qd7 28. Qb8 Ng6 29. Kf2 Ne7 30. Bxe6 Qxe6 31. Qxe8 Qf5+ 32. Kg1 Ng6 33. e6 Qg4 34. Kf2 Qh3 35. Ke1 Qxh2 36. e7 Qxg3+ 37. Kd2 Nh4 38. Qf8 Nf3+ 39. exf3 Qg2+ 40. Kc3 Qe2 41. Qf5+ 1-0


[Site "https://www.chess.com"]

[Event "Titled Tuesday Blitz March 29 Late 2022"]
[White "Kamsky, Gata"]
[Black "Xiong, Jeffery"]
[WhiteFideId "2000024"]
[BlackFideId "2047640"]
[WhiteElo "2645"]
[BlackElo "2727"]
[Result "1/2-1/2"]
[Round "08"]
[TimeControl "180+1"]
[Date "2022.03.29"]
[WhiteClock "0:00:16"]
[BlackClock "0:00:14"]

1. d4 d5 2. Bf4 c5 3. e3 Nf6 4. c3 e6 5. Nd2 Nbd7 6. Bd3 Be7 7. h3 O-O 8. Ngf3 c4 9. Bc2 b5 10. a3 Bb7 11. O-O a5 12. Ne5 Nxe5 13. Bxe5 Nd7 14. Bg3 f5 15. Nf3 b4 16. axb4 axb4 17. cxb4 Bxb4 18. Ne5 Nxe5 19. Bxe5 Qb6 20. Qf3 Bd6 21. Qg3 Bxe5 22. Qxe5 Kh8 23. Rxa8 Rxa8 24. Rb1 h6 25. g4 Rf8 26. gxf5 exf5 27. Bxf5 Qd8 28. Bg4 Bc8 29. Kg2 Qh4 30. Qg3 Qe7 31. Qe5 Qh4 32. f3 Qd8 33. Ra1 Re8 34. Qf4 Rf8 35. Qe5 Re8 36. Qf4 Rf8 37. Qe5 1/2-1/2


[Site "https://www.chess.com"]